[Event "15th Arad Open 2022"]
[Site "Arad"]
[Date "2022.08.13"]
[Round "8.4"]
[White "Ardeleanu, Alin"]
[Black "Srbis, Jurica"]
[Result "1/2-1/2"]
[ECO "B51"]
[WhiteElo "2290"]
[BlackElo "2472"]
[Annotator "RC"]
[PlyCount "86"]
[EventDate "2022.08.08"]
[EventType "swiss"]
[EventCountry "ROU"]
[SourceTitle "playchess.com"]
[Source "ChessBase"]
[SourceQuality "1"]
[TimeControl "5400+30"]

1. e4 c5 2. Nf3 d6 3. Bb5+ Nd7 4. d4 cxd4 5. Qxd4 a6 6. Bxd7+ Bxd7 7. O-O e5 8. Qd3 h6 9. c4 Nf6 10. Nc3 Be7 11. a4 O-O 12. Rd1 Qa5 13. Bd2 Qc7 14. Be3 Bg4 15. h3 Bxf3 16. gxf3 Qc8 17. Kh2 Nh5 18. Nd5 Bd8 19. Rg1 Qe6 20. Rg2 Kh7 21. Rag1 Rc8 22. b3 g5 23. Rd1 f5 24. h4 gxh4 25. Rdg1 f4 26. Rg6 Qxg6 27. Rxg6 Kxg6 28. Bd2 Kh7 29. Qf1 Ng7 30. Qh3 Bg5 31. Bb4 Rcd8 32. Ba5 Rde8 33. Qd7 Kg8 34. Bb6 Rf7 35. Qxd6 Re6 36. Qb8+ Kh7 37. a5 Re8 38. Qd6 Re6 39. Qb8 Re8 40. Qd6 Re6 41. Qb4 Rc6 42. Qc3 Ne8 43. b4 Re6 1/2-1/2

[Event "15th Arad Open 2022"]
[Site "Arad"]
[Date "2022.08.13"]
[Round "8.5"]
[White "Paraschiv, Paul-Alexandru"]
[Black "Coicev, Matei-Andrei"]
[Result "1/2-1/2"]
[ECO "A01"]
[WhiteElo "2181"]
[BlackElo "2087"]
[Annotator "TA"]
[PlyCount "72"]
[EventDate "2022.08.08"]
[EventType "swiss"]
[EventCountry "ROU"]
[SourceTitle "playchess.com"]
[Source "ChessBase"]
[SourceQuality "1"]
[TimeControl "5400+30"]

1. e4 c5 2. b3 g6 3. Bb2 Nf6 4. g3 d6 5. Bg2 Bg7 6. f4 {[%emt 0:01:18] A01: Nimzowitsch-Larsen Opening.} Nc6 7. Nf3 O-O 8. d3 {[%emt 0:00:07] Black is slightly better.} Ng4 (8... e5 $15) 9. Bxg7 $11 Ne3 10. Qd2 Nxg2+ 11. Qxg2 Kxg7 12. O-O {[%emt 0:01:29] [#]} e6 $146 ({Predecessor:} 12... f5 13. Nbd2 d5 14. exd5 Qxd5 15. Rae1 e6 16. Ng5 h6 17. Qxd5 exd5 18. Ne6+ Bxe6 19. Rxe6 {0-1 (25) Rossello Padron,C (1954)-Rodriguez Melian,J (2119) Las Palmas 2012}) 13. Nbd2 d5 14. e5 Nb4 15. Rfc1 Bd7 16. a3 Na6 17. g4 f5 (17... Rh8 $11 {remains equal.}) 18. Rf1 (18. exf6+ $1 $16 Qxf6 19. Ne5) 18... d4 (18... Nc7 $11) 19. gxf5 $14 exf5 20. Nc4 (20. h4 $5 ) 20... Bc6 21. Qh3 {[%emt 0:00:31] aiming for Ng5.} Qd5 22. Rae1 {[%emt 0:02:05] Strongly threatening e6.} Nc7 23. Qg3 Ne6 24. Nd6 Kh8 25. h4 Ng7 26. a4 Nh5 27. Qh2 (27. Qg5 $11) 27... Nf6 28. Qd2 $11 Ng4 29. c4 Qe6 30. Kg2 ({White should try} 30. b4 $1 $11) 30... Qe7 {[%emt 0:01:45] And now ...Qxh4 would win.} 31. Kg3 a6 $2 {[%emt 0:02:49] [#]} (31... b6 $11) 32. Qa5 $1 $16 Nf6 33. Kh3 $2 {[%emt 0:07:58] Active counter play!} (33. exf6 $16 {is necessary to keep the advantage.} Qxd6 34. Ng5 Rxf6 35. Re6 Qxe6 36. Nxe6 Rxe6 37. Qxc5) 33... Nh5 $17 34. Ng1 $2 {[%emt 0:00:51][%mdl 8192] [#]} (34. Qd2 $17 {was worth a try.}) 34... b6 $2 ({Black should play} 34... Nxf4+ $1 $19 35. Rxf4 g5) 35. Qxb6 $11 Bg2+ 36. Kxg2 Qxh4 {[%emt 0:00:06] Weighted Error Value: White=0.38/Black=0.41} 1/2-1/2

[Event "15th Arad Open 2022"]
[Site "Arad"]
[Date "2022.08.13"]
[Round "8.6"]
[White "Magold, Filip"]
[Black "Ambru, Dan-Calin"]
[Result "1/2-1/2"]
[ECO "B50"]
[WhiteElo "2247"]
[BlackElo "2001"]
[Annotator "TA"]
[PlyCount "67"]
[EventDate "2022.08.08"]
[EventType "swiss"]
[EventCountry "ROU"]
[SourceTitle "playchess.com"]
[Source "ChessBase"]
[SourceQuality "1"]
[TimeControl "5400+30"]

1. e4 c5 2. Nf3 Nc6 3. Bc4 d6 4. d3 g6 5. c3 Bg7 6. O-O Nf6 7. Re1 {[%emt 0:03:38] B50: Sicilian: 2...d6, Miscellaneous.} O-O 8. h3 d5 {[%emt 0:17:06] The modern move.} 9. exd5 Nxd5 10. Nbd2 {[%emt 0:07:27] [#]} h6 $146 ({Predecessor:} 10... b6 11. Bb3 Nf4 12. d4 cxd4 13. Ne4 Ne6 14. Bd2 Na5 15. Bxe6 Bxe6 16. Nxd4 Bd5 {1-0 (60) Anand,V (2751)-Wojtaszek,R (2696) Warsaw 2022}) 11. Nb3 b6 12. a4 e5 13. Qc2 Bf5 14. a5 {[%emt 0:02:10] [#]} (14. Bb5 $11 Qc7 15. a5) 14... Nc7 $1 $17 15. axb6 axb6 {[%emt 0:00:05] Threatens to win with ...Rxa1.} 16. Rxa8 Qxa8 17. g4 Be6 18. Nbd2 b5 19. Bxe6 Nxe6 20. Ne4 Ne7 21. g5 hxg5 (21... h5 $15) 22. Nfxg5 $11 Qc6 23. Qe2 Nd5 24. Nxe6 Qxe6 25. Qf3 Rc8 26. h4 Nf6 27. Ng3 Qd5 28. Qe2 Rd8 29. Qxe5 (29. Bg5 $11 {keeps the balance.}) 29... Qxe5 ({But not} 29... Qxd3 30. Qxc5 Nd7 31. Qe3 Qxe3 32. Bxe3 $14) (29... Re8 $17 30. Qxe8+ Nxe8 31. Rxe8+ Kh7) 30. Rxe5 {[%emt 0:00:01] The position is equal.} Rxd3 {[%emt 0:00:08] [#] And now ...Rd1+ would win.} 31. Be3 Rd1+ 32. Kg2 Rb1 33. b4 cxb4 34. Rxb5 {[%emt 0:00:25] Weighted Error Value: White=0.16 (very precise) /Black=0.13 (very precise)} 1/2-1/2

[Event "15th Arad Open 2022"]
[Site "Arad"]
[Date "2022.08.13"]
[Round "8.7"]
[White "Tampea, Radu"]
[Black "Ionescu, Irina"]
[Result "1/2-1/2"]
[ECO "B07"]
[WhiteElo "2093"]
[BlackElo "2125"]
[Annotator "NA RC"]
[PlyCount "48"]
[EventDate "2022.08.08"]
[EventType "swiss"]
[EventCountry "ROU"]
[SourceTitle "playchess.com"]
[Source "ChessBase"]
[SourceQuality "1"]
[TimeControl "5400+30"]

1. d4 Nf6 2. Bf4 d6 3. Nc3 g6 4. e4 Bg7 5. Qd2 c6 6. f3 b5 7. g4 Bb7 8. O-O-O Nbd7 9. Bh6 Bxh6 10. Qxh6 b4 11. Nce2 Qa5 12. Kb1 O-O-O 13. Qd2 Qb6 14. g5 Nh5 15. Ng3 Ng7 16. h4 e5 17. dxe5 dxe5 18. Bh3 Ne6 19. Bxe6 fxe6 20. N1e2 Nc5 21. Qe3 Na4 22. Qb3 Nc5 23. Qe3 Na4 24. Qb3 Nc5 1/2-1/2

[Event "15th Arad Open 2022"]
[Site "Arad"]
[Date "2022.08.13"]
[Round "8.8"]
[White "Ghita, Vlad-Bogdan"]
[Black "Veneteanu, Mihai"]
[Result "0-1"]
[ECO "B88"]
[WhiteElo "1944"]
[BlackElo "2025"]
[Annotator "NA RC"]
[PlyCount "86"]
[EventDate "2022.08.08"]
[EventType "swiss"]
[EventCountry "ROU"]
[SourceTitle "playchess.com"]
[Source "ChessBase"]
[SourceQuality "1"]
[TimeControl "5400+30"]

1. e4 c5 2. Nf3 Nc6 3. d4 cxd4 4. Nxd4 Nf6 5. Nc3 d6 6. Bc4 e6 7. Be3 a6 8. Bb3 Be7 9. f4 Qc7 10. O-O Na5 11. g4 Nc4 12. Bxc4 Qxc4 13. g5 Nd7 14. Qf3 b5 15. f5 Ne5 16. Qg3 Bb7 17. Rad1 O-O-O 18. Qh3 Nc6 19. fxe6 Nxd4 20. exf7+ Qe6 21. Qg3 Nc6 22. a4 b4 23. Nd5 Ne5 24. Nxb4 Rdf8 25. Rd5 Rxf7 26. Rxf7 Nxf7 27. Bb6 Qxe4 28. Qc3+ Kd7 29. Qc7+ Ke6 30. Qxb7 Qxb4 31. Rd4 Qe1+ 32. Kg2 Qe2+ 33. Kg1 Qe1+ 34. Kg2 Qe2+ 35. Kg1 Ne5 36. Rf4 Bxg5 37. Rf2 Qg4+ 38. Kh1 Qd1+ 39. Kg2 Qd5+ 40. Qxd5+ Kxd5 41. b3 Rb8 42. a5 Bd8 43. c4+ Kc6 0-1

[Event "15th Arad Open 2022"]
[Site "Arad"]
[Date "2022.08.13"]
[Round "8.9"]
[White "Magold, Victor"]
[Black "Butolo, Alexandru-Mircea"]
[Result "1-0"]
[ECO "E11"]
[WhiteElo "2074"]
[BlackElo "1863"]
[Annotator "NA RC"]
[PlyCount "103"]
[EventDate "2022.08.08"]
[EventType "swiss"]
[EventCountry "ROU"]
[SourceTitle "playchess.com"]
[Source "ChessBase"]
[SourceQuality "1"]
[TimeControl "5400+30"]

1. d4 Nf6 2. Nf3 e6 3. c4 Bb4+ 4. Bd2 Bxd2+ 5. Qxd2 O-O 6. g3 d5 7. Bg2 b6 8. Ne5 Bb7 9. Nc3 Nbd7 10. Nxd7 Qxd7 11. O-O Rad8 12. Rfd1 Qc8 13. cxd5 exd5 14. Rac1 a6 15. a4 c5 16. a5 Ne4 17. Nxe4 dxe4 18. axb6 Rxd4 19. Qxd4 cxd4 20. Rxc8 Rxc8 21. Rxd4 f5 22. Bf1 Kf8 23. Rd7 Rb8 24. e3 Bc6 25. Ra7 Bb5 26. Bh3 Rxb6 27. Bxf5 Bc6 28. Rc7 h6 29. Bg6 Bb7 30. Rf7+ Kg8 31. Re7 Rxg6 32. Rxb7 Re6 33. Kg2 Kh7 34. g4 Kg6 35. h4 Kf6 36. h5 g6 37. Rh7 Kg5 38. Rg7 Kxg4 39. Rxg6+ Kf5 40. Rxe6 Kxe6 41. Kg3 Kf5 42. Kh4 a5 43. b3 Kf6 44. Kg4 Ke5 45. Kg3 Kf5 46. f4 exf3 47. Kxf3 Kg5 48. Ke4 Kxh5 49. Kf5 Kh4 50. e4 a4 51. bxa4 h5 52. e5 1-0

[Event "15th Arad Open 2022"]
[Site "Arad"]
[Date "2022.08.13"]
[Round "8.10"]
[White "Manolache, Marius"]
[Black "Kazarian, Anna-Maja"]
[Result "1-0"]
[ECO "A40"]
[WhiteElo "2469"]
[BlackElo "2139"]
[Annotator "TA"]
[PlyCount "51"]
[EventDate "2022.08.08"]
[EventType "swiss"]
[EventCountry "ROU"]
[SourceTitle "playchess.com"]
[Source "ChessBase"]
[SourceQuality "1"]
[TimeControl "5400+30"]

1. d4 e6 2. c4 b6 3. e4 Bb7 4. Bd3 f5 5. exf5 Bb4+ 6. Kf1 $1 {[%emt 0:00:26][%cal Oc4c5] A40: Unusual replies to 1 d4.} exf5 7. Nf3 {[%emt 0:08:58] [#]} Ne7 $146 {[%emt 0:29:58] [#]} (7... Nf6 $142) ({Predecessor:} 7... g6 8. Be2 Nf6 9. c5 bxc5 10. a3 Ba5 11. dxc5 c6 12. Bc4 Qe7 13. b4 Bc7 {1-0 (20) Filatov,D (2287)-Potapov,A (2118) Dagomys 2004}) 8. a3 $1 $16 {[%emt 0:08:25] White is clearly better.} Bd6 9. Nc3 Bxf3 10. Qxf3 Nbc6 11. Ne2 {[%emt 0:15:33] Threatens to win with b4.} (11. Bxf5 $2 O-O 12. Bg5 (12. Bxh7+ $2 Kxh7 13. Qd3+ Kg8 $19) 12... Rxf5 $19) 11... O-O {[%emt 0:02:29] [#]} (11... a5 $16 {was called for.} 12. g3 (12. Bxf5 O-O $15) 12... O-O) 12. h4 ({White must play} 12. b4 $1 $18) 12... Ng6 (12... a5 $16) 13. h5 $18 ({Worse is} 13. Bxf5 Nge7 14. g4 Nxf5 15. gxf5 Qf6 $15) 13... Nh4 (13... Nh8 $142 14. Qd5+ (14. Bxf5 Ne7 $14) 14... Rf7) 14. Qh3 Be7 15. Bf4 Rf7 16. Bg3 g5 17. hxg6 Nxg6 18. Bxf5 Bf6 19. Be4 {[%emt 0:10:19] Hoping for Bd5. A strong pair of Bishops.} Rg7 (19... Qe7 {was worth a try.}) 20. Nf4 Bxd4 21. Nxg6 {[%emt 0:02:16] Bd5+ would kill now.} hxg6 22. Bd5+ {[%emt 0:00:50] White mates.} Kf8 23. Qh8+ Ke7 24. Re1+ Kf6 25. Bh4+ g5 {[%emt 0:00:31] [#]} 26. Bxg5+ $1 {[%emt 0:01:01][%mdl 512] Black did not feel at home in the position after the opening.  Weighted Error Value: White=0.12 (very precise) /Black=0.86} 1-0

[Event "15th Arad Open 2022"]
[Site "Arad"]
[Date "2022.08.13"]
[Round "8.12"]
[White "Herczeg, Marcell"]
[Black "Ciocani, Iosif"]
[Result "0-1"]
[ECO "D01"]
[WhiteElo "2044"]
[BlackElo "2012"]
[Annotator "NA RC"]
[PlyCount "98"]
[EventDate "2022.08.08"]
[EventType "swiss"]
[EventCountry "ROU"]
[SourceTitle "playchess.com"]
[Source "ChessBase"]
[SourceQuality "1"]
[TimeControl "5400+30"]

1. d4 Nf6 2. Nc3 d5 3. Bg5 Bf5 4. Bxf6 exf6 5. e3 c6 6. Bd3 Be6 7. Nge2 Bd6 8. Qd2 Nd7 9. Nf4 f5 10. O-O-O b5 11. g4 fxg4 12. e4 Qg5 13. Nce2 dxe4 14. Bxe4 Rc8 15. h4 Qh6 16. Kb1 O-O 17. Rhg1 Nb6 18. b3 f5 19. Nxe6 Qxe6 20. Bxc6 Rxc6 21. d5 Qxd5 22. Qxd5+ Nxd5 23. Rxd5 Bc5 24. Rf1 g6 25. Nf4 Re8 26. Nd3 Bd6 27. Rxb5 Re2 28. Rc1 Ba3 29. Re1 Rcxc2 30. Rb8+ Kg7 31. Rb7+ Kf6 32. Rxa7 Rb2+ 33. Ka1 Rxe1+ 34. Nxe1 Rxf2 35. Ra6+ Kf7 36. Rxa3 Rf1 37. Kb2 Rxe1 38. b4 f4 39. Ra7+ Re7 40. Ra4 Re5 41. Kc3 f3 42. Ra7+ Kf6 43. Ra8 Rf5 44. Kd3 g3 45. Rf8+ Ke5 46. Rxf5+ Kxf5 47. Ke3 Kg4 48. b5 g2 49. Kf2 Kh3 0-1

[Event "15th Arad Open 2022"]
[Site "Arad"]
[Date "2022.08.13"]
[Round "8.13"]
[White "Matasaru, Stephanie"]
[Black "Pauwels, Xander"]
[Result "0-1"]
[ECO "B90"]
[WhiteElo "1885"]
[BlackElo "2040"]
[Annotator "NA RC"]
[PlyCount "88"]
[EventDate "2022.08.08"]
[EventType "swiss"]
[EventCountry "ROU"]
[SourceTitle "playchess.com"]
[Source "ChessBase"]
[SourceQuality "1"]
[TimeControl "5400+30"]

1. e4 c5 2. Nf3 d6 3. d4 cxd4 4. Nxd4 Nf6 5. Nc3 a6 6. Be3 e5 7. Nb3 Be6 8. f3 h5 9. Qd2 Nbd7 10. Nd5 Bxd5 11. exd5 g6 12. c4 b6 13. Be2 Bg7 14. O-O O-O 15. Rac1 Re8 16. a4 a5 17. Na1 Nc5 18. Bd1 Qe7 19. Rb1 Nfd7 20. b4 axb4 21. Qxb4 e4 22. f4 Rec8 23. Bc2 f5 24. Nb3 Rxa4 25. Qb5 Ra2 26. Nxc5 Nxc5 27. Bb3 Re2 28. Bxc5 bxc5 29. Qa6 Rb8 30. Ba4 Rbb2 31. Rxb2 Rxb2 32. Qc8+ Kh7 33. Qe6 Qf6 34. Be8 Rb7 35. Bd7 Qd4+ 36. Kh1 Qd3 37. Rg1 Rb1 38. h3 Rxg1+ 39. Kxg1 Qe3+ 40. Kh1 Qxf4 41. Be8 Qf1+ 42. Kh2 Be5+ 43. g3 Qf2+ 44. Kh1 Qf3+ 0-1

[Event "15th Arad Open 2022"]
[Site "Arad"]
[Date "2022.08.13"]
[Round "8.14"]
[White "Moerman, Thomas"]
[Black "Tamas, Christian-Arrydan"]
[Result "1/2-1/2"]
[ECO "E71"]
[WhiteElo "2026"]
[BlackElo "1913"]
[Annotator "NA RC"]
[PlyCount "167"]
[EventDate "2022.08.08"]
[EventType "swiss"]
[EventCountry "ROU"]
[SourceTitle "playchess.com"]
[Source "ChessBase"]
[SourceQuality "1"]
[TimeControl "5400+30"]

1. d4 Nf6 2. c4 g6 3. Nc3 Bg7 4. e4 d6 5. h3 O-O 6. Be3 e5 7. d5 Na6 8. g4 Nc5 9. f3 a5 10. Qd2 c6 11. Nge2 cxd5 12. cxd5 Bd7 13. Ng3 a4 14. h4 Qa5 15. h5 b5 16. hxg6 fxg6 17. Bh6 b4 18. Nd1 b3 19. Qxa5 Rxa5 20. Bd2 Ra7 21. a3 Rc8 22. Nc3 Ne8 23. Be2 Bf6 24. Rh2 Nc7 25. Kf2 N7a6 26. Be3 Be8 27. Nf1 Bd8 28. Nb5 Bxb5 29. Bxb5 Ba5 30. Bxa4 Rf7 31. Bb5 Nxe4+ 32. Kg1 Nec5 33. Rc1 Nc7 34. Bc4 Na8 35. Rf2 Nb6 36. Kg2 Kg7 37. Ng3 Rfc7 38. Rff1 Nba4 39. Rb1 Nb6 40. Rfc1 Nxc4 41. Rxc4 Nd3 42. Ra4 Rc2+ 43. Kh3 Bd2 44. Ra7+ Kf8 45. Bxd2 Rxd2 46. Ne4 Nf2+ 47. Kg3 Nxe4+ 48. fxe4 Kg8 49. Rf1 Rf8 50. Rxf8+ Kxf8 51. Rxh7 Rxb2 52. Rb7 Rb1 53. Kf2 b2 54. Kg2 Re1 55. Rxb2 Rxe4 56. Kg3 Rd4 57. Rb5 Ke7 58. g5 Kd8 59. Ra5 Kc7 60. Ra7+ Kb6 61. Rg7 Kc5 62. Rxg6 Kxd5 63. Rf6 Ra4 64. Rf3 e4 65. Rb3 Ra7 66. Kf4 Rf7+ 67. Kg4 Kc4 68. g6 Rd7 69. Rb4+ Kd3 70. Kf4 d5 71. Rb3+ Ke2 72. Rg3 Rg7 73. a4 Kf2 74. a5 d4 75. a6 d3 76. a7 Rxa7 77. g7 Rxg7 78. Rxg7 d2 79. Rd7 e3 80. Rd3 Ke2 81. Rxe3+ Kf2 82. Rd3 Ke2 83. Rxd2+ Kxd2 84. Ke4 1/2-1/2

[Event "15th Arad Open 2022"]
[Site "Arad"]
[Date "2022.08.13"]
[Round "8.15"]
[White "Anghel, Iulian-Mihai"]
[Black "Batagan, Ilinca-Petra"]
[Result "1-0"]
[ECO "B90"]
[WhiteElo "2015"]
[BlackElo "1932"]
[Annotator "TA"]
[PlyCount "75"]
[EventDate "2022.08.08"]
[EventType "swiss"]
[EventCountry "ROU"]
[SourceTitle "playchess.com"]
[Source "ChessBase"]
[SourceQuality "1"]
[TimeControl "5400+30"]

1. e4 c5 2. Nf3 d6 3. d4 cxd4 4. Nxd4 Nf6 5. Nc3 a6 6. h3 e5 7. Nde2 Be7 8. g4 {[%emt 0:00:54] B90: Sicilian Najdorf: Unusual White 6th moves, 6 Be3 Ng4 and 6 Be3 e5.} h6 9. Ng3 Qc7 10. Bg2 {[%emt 0:02:31] [#] White is slightly better.} b5 $146 ({Predecessor:} 10... Nc6 11. Be3 Na5 12. O-O Nc4 13. Bc1 O-O 14. Qd3 Rd8 15. b3 Nb6 16. Be3 Bf8 {0-1 (39) Nejanky,M-Cabrera Pando,R (2104) Buenos Aires 2002}) 11. a3 Nc6 12. O-O O-O 13. Nf5 Bxf5 14. exf5 Rac8 15. f4 exf4 16. Bxf4 Qa7+ 17. Kh1 {[%emt 0:01:33] Active counter play!} Ne5 18. Ne2 (18. Re1 $11) 18... Nc4 $1 $15 {[%emt 0:08:38] Pair of Knights!} 19. Qc1 d5 20. g5 (20. b3 $17 Nxa3 21. Rxa3 Bxa3 22. Qxa3) 20... hxg5 $19 21. Bxg5 Nd6 (21... Ne4 22. Bxe4 dxe4 23. f6 $11) (21... Rfe8 $19 {White must now prevent ...Nh7.} 22. a4 b4) 22. Ng3 (22. Nc3 $15) 22... Nde4 (22... Rfe8 $17 23. a4 b4) 23. Nxe4 (23. Bxe4 $15 dxe4 24. c3 (24. Bxf6 Bxf6 25. c3 e3 $17)) 23... dxe4 $17 ({Much worse is} 23... Nxe4 $6 24. Bxe4 dxe4 25. f6 $11) 24. Qd1 {[%emt 0:00:53] Prevents Nh5.} Qc5 25. Rc1 Rfd8 26. Qe2 Qc4 ({Better is} 26... Qe5 $17 {Hoping for ...Bd6.} 27. c3 Re8) 27. Qf2 {[%emt 0:01:37] [#]} (27. Qxc4 $15 Rxc4 28. c3) 27... Ng4 $1 28. Qh4 (28. Qf4 Nf6) 28... Bxg5 29. Qxg5 Nf6 30. Rg1 {[%emt 0:01:53] Threatens to win with Bf1.} Ne8 ({Black should try} 30... Qd4 $17 31. c3 Qd2) 31. Rce1 $11 Qxc2 32. f6 (32. Bxe4 $11 {remains equal.} Qd2 33. Qh4) 32... Qxb2 $2 (32... Nxf6 $2 33. Bxe4 $1 g6 34. Bxc2 $18) (32... Qd2 $17 {stays on course.} 33. Bxe4 Qxg5 34. Rxg5 Nxf6) 33. fxg7 $40 {[%emt 0:00:49][%mdl 128] White wants a kill.} Rd6 $2 (33... Qxg7 $2 34. Qh4 Qh8 35. Bxe4+ Ng7 {[#]} 36. Rxg7+ $1 Qxg7 37. Rg1 $18) (33... Rd2) 34. Bxe4 {[%emt 0:00:58][%cal Oe4h7] Intending Bh7+! and mate.} Nxg7 35. Qf5 (35. Qh4 $142 Re8 36. Qh7+ Kf8 37. Qh8+ Ke7 38. Bc6+ (38. Qxg7 Qxg7 39. Bc2+ Kf8 $18) 38... Re6 39. Rxe6+ (39. Qxg7 Qxg7 40. Rxe6+ Kxe6 $16) 39... Kxe6 40. Bxe8) 35... Rc7 36. Qh7+ {[%emt 0:00:29] White mates.} Kf8 37. Qh8+ Ke7 38. Bf5+ {[%emt 0:00:35] Never resign too early!  Weighted Error Value: White=0.31/Black=0.67} 1-0

[Event "15th Arad Open 2022"]
[Site "Arad"]
[Date "2022.08.13"]
[Round "8.16"]
[White "Tablan, Matei-Christian"]
[Black "Chima, Radu-Niculin"]
[Result "1/2-1/2"]
[ECO "B21"]
[WhiteElo "1928"]
[BlackElo "2005"]
[Annotator "TA"]
[PlyCount "62"]
[EventDate "2022.08.08"]
[EventType "swiss"]
[EventCountry "ROU"]
[SourceTitle "playchess.com"]
[Source "ChessBase"]
[SourceQuality "1"]
[TimeControl "5400+30"]

1. e4 e6 2. d3 d5 3. Be2 c5 4. f4 Nc6 5. Nf3 Nf6 6. e5 {[%emt 0:00:04] B21: Sicilian: 2 f4 and Morra Gambit.} Nd7 7. c4 Nb6 {[%emt 0:03:56] is the legacy move (7...d4).} 8. O-O {[%emt 0:00:12] [#]} dxc4 $146 (8... Be7 $11 {remains equal.}) ({Predecessor:} 8... Be7 9. Nc3 O-O 10. b3 Bd7 11. Kh1 Re8 12. Qe1 Bf8 13. Qg3 Ne7 14. Qh3 Ng6 {1-0 (25) Jones,G (2670)-Eltigani,O (2235) Chess.com INT 2020}) 9. dxc4 $16 Qxd1 10. Rxd1 Nb4 11. Nc3 Bd7 12. Ne1 {[%emt 0:01:28] Against Nc2} Bc6 13. a3 Na6 14. b3 Be7 15. Bf3 Bxf3 16. Nxf3 Nc7 17. Be3 O-O 18. Ne4 Na6 19. Rd2 Rfd8 20. Rad1 $36 {[%emt 0:00:07][%mdl 2048] White is on the roll.} Rxd2 21. Rxd2 ({Don't do} 21. Bxd2 Rd8 $14) 21... Kf8 22. g4 f6 23. Kf1 Ke8 24. g5 {[%emt 0:05:44] White is much more active. The black rooks are badly placed.} ({White should play} 24. exf6 gxf6 25. Ne1) 24... Nd7 (24... fxe5 $16 25. Nxe5 Rd8) 25. gxf6 $18 gxf6 {[%emt 0:00:22] [#]} 26. exf6 (26. Rg2 $1 $18) 26... Nxf6 $16 27. Nfg5 ({Better is} 27. Nxf6+ Bxf6 28. Ng5) 27... Nxe4 28. Nxe4 b6 29. Ke2 Rc8 30. Kf3 Nb8 $1 31. Rd3 Nc6 {[%emt 0:34:50] Weighted Error Value: White=0.13 (very precise) /Black=0.16 (very precise)} 1/2-1/2

[Event "15th Arad Open 2022"]
[Site "Arad"]
[Date "2022.08.13"]
[Round "8.17"]
[White "Balaban-Voia, Alexandru"]
[Black "Samu, Sorin-Mihai"]
[Result "1-0"]
[ECO "A08"]
[WhiteElo "1869"]
[BlackElo "1952"]
[Annotator "TA"]
[PlyCount "75"]
[EventDate "2022.08.08"]
[EventType "swiss"]
[EventCountry "ROU"]
[SourceTitle "playchess.com"]
[Source "ChessBase"]
[SourceQuality "1"]
[TimeControl "5400+30"]

1. g3 Nf6 2. Bg2 d5 3. Nf3 c5 4. O-O Nc6 5. d3 e5 6. e4 d4 7. a4 Bd6 {[%emt 0:00:11] A08: King's Indian Attack.} 8. Na3 Bg4 9. h3 {[%emt 0:03:24] [#]} Be6 $146 {[%emt 0:02:12] The position is equal.} ({Predecessor:} 9... Bh5 10. Qe1 Nd7 11. Nh4 O-O 12. Nf5 Bc7 13. Bd2 a6 14. h4 Rb8 15. Nc4 b5 16. axb5 axb5 {1-0 (31) Lornye,P (2223)-Terletsky,O (2241) Lvov 2015}) 10. Ng5 Bd7 11. f4 h6 12. Nc4 Bc7 13. Nf3 Qe7 ({Black should play} 13... exf4 $1 $11 14. Bxf4 O-O) 14. Nfxe5 $14 Nxe5 15. fxe5 Bxe5 16. Bf4 Bxf4 17. Rxf4 {[%emt 0:09:16] Strongly threatening e5.} (17. gxf4 $5 Bc6 18. e5 $14) 17... Be6 {[%emt 0:00:19] Black is on the road to losing.} (17... O-O $14) 18. e5 $16 Nd5 19. Nd6+ Kd7 (19... Kf8 $16) 20. c4 dxc3 $2 (20... Nxf4 21. gxf4 Rhb8) 21. Qb3 $18 cxb2 22. Qxb7+ Nc7 23. Bc6+ Kd8 24. Qxb2 Qg5 25. Ne4 Qh5 26. Bxa8 Nxa8 27. Qb8+ Ke7 28. Qxh8 (28. Qd6+ $142 Ke8 {[#]} 29. Nf6+ $1 gxf6 30. exf6 Qd1+ 31. Rxd1 Bxh3 32. Qe7#) 28... Qxe5 {[%emt 0:00:28] [#]} 29. Qxa8 $1 {[%emt 0:03:37] Rb1 would kill now.} Qxa1+ 30. Kh2 Qxa4 31. Qb7+ Bd7 32. Qd5 f5 33. Qxc5+ Kd8 34. Nf2 Qa1 35. Rb4 (35. Qf8+ $142 Be8 36. Qd6+ Bd7 37. Rxf5 Qe1 38. Qb8+ Bc8 39. Rf8+ Qe8 40. Rxe8+ Kxe8 41. Qxc8+ Ke7 42. Ne4) 35... Ke8 36. Rb8+ {[%emt 0:00:24] White mates.} Kf7 37. Rb7 Ke8 38. Qe3+ {[%emt 0:01:07] Weighted Error Value: White=0.34/Black=1.53} (38. Qd6 $142 Kf7 39. Qxd7+ Kf6 40. Qe7+ Kg6 41. Qf7+ Kh7 42. Qxf5+ Kh8 43. Rb8#) 1-0